 Dungeon Crawl Stone Soup version 0.30.1-11-g7821555f0a (webtiles) character file.

Game seed: 5347252783084040182

21 lonewolfV2 the Covered (level 2, -2/19 HPs)
             Began as a Gargoyle Fighter on Oct 30, 2023.
             Slain by a hobgoblin (4 damage)
             ... on level 2 of the Dungeon.
             The game lasted 00:01:25 (879 turns).

lonewolfV2 the Covered (Gargoyle Fighter)            Turns: 879, Time: 00:01:26

Health: -2/19      AC: 13    Str: 25    XL:     2   Next: 83%
Magic:  2/2        EV: 13    Int:  8    God:
Gold:   681        SH:  4    Dex:  9    Spells: 1/1 levels left

rFire   . . .        a - +1 war axe
rCold   . . .        c - +0 buckler
rNeg    + . .        e - +0 chain mail
rPois   ∞            (no helmet)
rElec   +            (no cloak)
rCorr   .            (no gloves)
SInv    .            h - +0 pair of boots
Will    .....        (no amulet) Stlth
                     g - +5 ring of evasion
HPRegen 0.23/turn    j - +6 ring of strength
MPRegen 0.08/turn

%: no passive effects
@: mighty
A: sickness immunity, AC +2, negative energy resistance 1, electricity
resistance, torment resistance 1, petrification resistance
a: no special abilities


You were on level 2 of the Dungeon.
You visited 1 branch of the dungeon, and saw 2 of its levels.

You collected 681 gold pieces.

Inventory:

Hand Weapons
 a - a +1 war axe (weapon)
Armour
 c - a +0 buckler (worn)
 e - a +0 chain mail (worn)
 h - a +0 pair of boots (worn)
Jewellery
 g - a +5 ring of evasion (left hand)
 j - a +6 ring of strength (right hand)
Potions
 b - a potion of brilliance
 f - a potion of resistance {unknown}
 i - a potion of haste {unknown}


   Skills:
 - Level 3.2 Fighting
 - Level 1.7 Axes
 + Level 3.5 Armour
 * Level 1.2 Dodging
 + Level 3.5 Shields


You had one spell level left.
You didn't know any spells.
Your spell library contained the following spells:

 Spells                   Type           Power      Damage    Failure   Level
 Ensorcelled Hibernation  Hex/Ice        0%         N/A       99%         2
 Wereblood                Tmut           0%         N/A       99%         2
 Spider Form              Tmut/Pois      0%         N/A       100%        3
 Anguish                  Hex/Necr       0%         N/A       100%        4
 Summon Hydra             Summ           0%         N/A       100%        7
 Sublimation of Blood     Necr           Unusable   N/A       N/A         2

Dungeon Overview and Level Annotations

Branches:
Dungeon (2/15)

Altars:

Annotations:
D:2 Sigmund


Innate Abilities, Weirdness & Mutations

You are immune to sickness and miasma.
Your stone body is resilient. (AC +2)
You are immune to poison.
You resist negative energy. (rN+)
You are resistant to electric shocks. (rElec)
You are resistant to unholy torment.
You are immune to petrification.


Message History

You hit Sigmund.
Sigmund is heavily wounded.
You hit the hobgoblin.
Sigmund points at you and mumbles some strange words.
The puff of flame hits you!
* * * LOW HITPOINT WARNING * * *
The hobgoblin completely misses you.
Sigmund breathes a few words.
Sigmund's hands start flickering wildly.
Sigmund points at you and mumbles some strange words.
You are confused.
You hit Sigmund but do no damage.
Sigmund is heavily wounded.
You hit the hobgoblin but do no damage. The hobgoblin hits you.
* * * LOW HITPOINT WARNING * * *
Sigmund barely misses you.
You feel very mighty all of a sudden. The hobgoblin barely misses you.
You bump into the rock wall.
Sigmund closely misses you. The hobgoblin barely misses you.
You closely miss Sigmund.
Sigmund is heavily wounded.
You miss the hobgoblin.
The hobgoblin hits you but does no damage.
Sigmund gestures at you while chanting.
You struggle to resist.
The hobgoblin closely misses you.
You bump into the rock wall.
You feel less confused. Sigmund gestures at you while chanting.
You struggle to resist.
The hobgoblin misses you.
You slash Sigmund!
Sigmund is almost dead.
You closely miss the hobgoblin. Sigmund misses you.
The hobgoblin hits you but does no damage.
You barely miss Sigmund.
Sigmund is almost dead.
You hit the hobgoblin.
Sigmund's eyes start glowing with a red light.
You block Sigmund's attack. The hobgoblin hits you.
You die...

.##..............##.#..
.##.........##..##
.##.........##..#
...............##
............#..#
..............## #
..............# .#
..............####..#...
..........###..g@.......
....# ...# ##.##@...#.#
....#..## #...........
...... #...###......
....#. #g#.. ......
....# ..... .###.#
...... .)##... . .
...... ... .... . ......


You could see Sigmund (empowered) and a hobgoblin.

Vanquished Creatures
  A worm (D:2)
  2 dart slugs
  A bat (D:1)
  3 kobolds (D:1)
  2 quokkas (D:1)
  4 ball pythons
  A frilled lizard (D:1)
14 creatures vanquished.

Notes
Turn   | Place    | Note
-------+----------+-------------------------------------------
     0 | D:1      | lonewolfV2 the Gargoyle Fighter began the quest for the
                  | Orb.
     0 | D:1      | Reached XP level 1. HP: 14/14 MP: 1/1
   329 | D:1      | Reached XP level 2. HP: 19/19 MP: 2/2
   463 | D:1      | Reached skill level 1 in Dodging
   564 | D:1      | Found a faded altar of an unknown god.
   731 | D:1      | Identified a scroll of acquirement
   731 | D:1      | Acquired 619 gold pieces
   864 | D:2      | Noticed Sigmund
   879 | D:2      | Slain by a hobgoblin

Illustrated notes

Levels and vault maps discovered:
D:1:      dpeg_arrival_arbitrary_c, layout_basic,
          shapermc_ecumenical_altar_flowoftime
D:2:      layout_rooms, uniq_sigmund, uniq_jessica

Skill      XL: |  1  2 |
---------------+-------+-----
Dodging        | 1 |  1.2
Fighting       | |  3.2
Axes           | |  1.7
Armour         | |  3.5
Shields        | |  3.5

Action                     || total
---------------------------++-------
  Melee: War axe           ||    68
    Use: Scroll            ||     4
         Potion            ||     1
 Armour: Scale mail        ||    22
         Chain mail        ||     3
  Dodge: Dodged            ||    81
  Block: Buckler           ||    14
